 Dungeon Crawl Stone Soup version 0.29.0-4-gdea44cf6ec (webtiles) character file.

Game seed: 2887971638394618293

910 qw the Cleaver (level 8, -6/48 HPs)
             Began as a Tengu Warper on Aug 28, 2022.
             Mangled by a gnoll
             ... wielding a +0 halberd
             ... led by a gnoll sergeant
              (8 damage)
             ... on level 4 of the Dungeon.
             The game lasted 00:00:31 (4101 turns).

qw the Cleaver (Tengu Warper)                       Turns: 4101, Time: 00:00:32

Health: -6/48      AC: 11    Str: 21    XL:     8   Next: 8%
Magic:  12/12      EV: 13    Int: 13    God:
Gold:   152        SH:  0    Dex:  8    Spells: 11/11 levels left

rFire   . . .      SeeInvis .   Y - +0 war axe
rCold   . . .      Faith    .   (no shield)
rNeg    . . .      Spirit   .   c - +5 ring mail of Pan-Flutes {Rampage rPois Str+6 Dex-5}
rPois   +          Reflect  .   (helmet restricted)
rElec   .          Harm     .   (no cloak)
rCorr   .          Rampage  +   h - +0 pair of gloves
Will    .....                   (boots unavailable)
Stlth   ..........              (no amulet)
HPRegen 0.16/turn               (no ring)
MPRegen 0.13/turn               (no ring)

@: lethally poisoned (-6 -> -7), about to teleport, flying quickly and
evasively, quick
A: beak, talons 3, nimble flight
a: no special abilities


You were on level 4 of the Dungeon.
You visited 1 branch of the dungeon, and saw 6 of its levels.

You collected 152 gold pieces.


Innate Abilities, Weirdness & Mutations

You have a beak for a mouth.
You have claws for feet.
Your magical nature lets you fly swiftly and evasively.


   Skills:
 - Level 4.0 Fighting
 - Level 9.0 Axes
 - Level 2.2 Throwing
 + Level 1.1 Armour
 - Level 2.1 Dodging
 - Level 2.0 Spellcasting
 - Level 2.4 Translocations


You had 11 spell levels left.
You didn't know any spells.
Your spell library contained the following spells:

 Spells                   Type           Power      Damage    Failure   Level
 Blink                    Tloc           14%        N/A       24%         2
 Gell's Gravitas          Tloc           7%         N/A       43%         3
 Lesser Beckoning         Tloc           7%         N/A       43%         3
 Teleport Other           Tloc           7%         N/A       43%         3
 Manifold Assault         Tloc           7%         N/A       99%         5

Inventory:

Hand Weapons
 m - a +0 flail
 Y - a +0 war axe (weapon)
Missiles
 d - 4 javelins (quivered)
 i - 4 boomerangs
Armour
 c - the +5 ring mail of Pan-Flutes (worn) {Rampage rPois Str+6 Dex-5}
   (You acquired it on level 3 of the Dungeon)

   Str:       It affects your strength (+6).
   Dex:       It affects your dexterity (-5).
   rPois:     It protects you from poison.
   Rampage:   It bestows one free step when moving towards enemies.
 h - a +0 pair of gloves (worn)
Jewellery
 f - a ring of ice
Scrolls
 e - a scroll of identify
Potions
 a - a potion of haste
 b - a potion of resistance
 g - a potion of invisibility {unknown}
 j - a potion of curing
 k - a potion of mutation {unknown}

Dungeon Overview and Level Annotations

Branches:
Dungeon (6/15)
 Temple: D:4-7

Altars:
Dithmenos
Makhleb
Wu Jian


Message History

The gnoll sergeant hits you but does no damage.
The gnoll closely misses you. The gnoll hits you but does no damage.
The gnoll hits you from afar with a +0 halberd.
You closely miss the gnoll. You claw the gnoll.
You kill the gnoll!
You hit the gnoll sergeant. You hit the gnoll.
The gnoll sergeant hits you with a +0 spear!
The gnoll hits you from afar with a +0 halberd.
The gnoll misses you.
You hit the gnoll sergeant but do no damage.
The gnoll sergeant blocks your attack.
The gnoll sergeant is severely wounded.
You hit the gnoll but do no damage. The gnoll sergeant barely misses you.
The gnoll hits you from afar with a +0 halberd.
The gnoll hits you but does no damage.
You hit the gnoll sergeant. You claw the gnoll sergeant.
You kill the gnoll sergeant!
You closely miss the gnoll.
The gnoll hits you with a +1 whip of venom.
You are poisoned.
The gnoll hits you from afar with a +0 halberd.
You have reached level 8!
You feel stronger.
You barely miss the gnoll. You peck the gnoll.
The gnoll is almost dead.
You feel sick.
The gnoll hits you but does no damage. x2
You closely miss the gnoll. You peck the gnoll.
You kill the gnoll!
You feel sick. The gnoll misses you.
Your Fighting skill increases to level 4!
4099 ||| READING scroll of teleportation.
As you read the scroll of teleportation, it crumbles to dust.
You feel strangely unstable.
You feel sick. The gnoll barely misses you.
You feel sick. The gnoll hits you with a +0 halberd!
Items here: % ) [[.
You slash the gnoll! Your peck misses the gnoll.
The gnoll is heavily wounded.
You feel sick. The gnoll hits you with a +0 halberd!
You die...

..#....%#......#...#
#.....)###.
.......##..###....#
#.......... ...#...##.##
..# ##.....))..#
.......#..# #.
####.........##
.........##
~~.#......##..#
..#..###..#~#
#~.......## ... ..#..#
#.#~#######~#.....## .##
. #..#
#.~~#.g)#~~##....# ##
##.## ..~ #/.@'.(.#....#
.###..# #.#
#..)#~~...#...
......##.##~
######~.).####
###......##~##~~~##~#..#
###.....#~~~~~~~~~#..#
##.......... #..###.#
#.....##...# #.## #.##
#....## #..###..####.#
#.###..# #..##....###.#


You could see a gnoll.

Vanquished Creatures
  2 black bears
  2 phantoms (D:4)
  A gnoll sergeant (D:4)
  A scorpion (D:4)
  A wight (D:6)
  A howler monkey (D:6)
  2 hounds
  2 orc priests (D:4)
  An iguana (D:4)
  3 orc wizards
  3 gnolls (D:4)
  3 adders
  A worm (D:4)
  A dart slug (D:2)
  17 orcs
  12 ball pythons
  7 endoplasms
  4 giant cockroaches
  9 goblins
  5 hobgoblins
  3 quokkas
  2 bats (D:1)
  4 frilled lizards
  9 kobolds
  9 rats
105 creatures vanquished.

Vanquished Creatures (others)
  An orc (D:4)
1 creature vanquished.

Grand Total: 106 creatures vanquished

Notes
Turn   | Place    | Note
-------+----------+-------------------------------------------
     0 | D:1      | qw the Tengu Warper began the quest for the Orb.
     0 | D:1      | Reached XP level 1. HP: 12/12 MP: 4/4
     0 | D:1      | 0 ||| qw: Version: 0.1-a-89-g26bdef1
     0 | D:1      | 0 ||| qw: Game counter: 2110
     0 | D:1      | 0 ||| qw: Always use a shield: true
     0 | D:1      | 0 ||| qw: God list: Okawaru
     0 | D:1      | 0 ||| qw: Allow faded altars: false
     0 | D:1      | 0 ||| qw: Do Orc after D:15 true
     0 | D:1      | 0 ||| qw: Do second Lair branch before Depths: true
     0 | D:1      | 0 ||| qw: Lair rune preference: random
     0 | D:1      | 0 ||| qw: Plans: Normal
     0 | D:1      | 0 ||| PLANNING D:1-11
   239 | D:1      | Reached XP level 2. HP: 16/17 MP: 6/6
   255 | D:1      | Reached skill level 3 in Axes
   259 | D:1      | 259 ||| Stepping ~*~*~tactically~*~*~ (stealth).
   269 | D:1      | 269 ||| DROPPING +0 club.
   778 | D:1      | 778 ||| UPGRADING to +0 pair of gloves.
   783 | D:1      | 783 ||| UPGRADING to +0 scale mail.
   793 | D:1      | 793 ||| DROPPING +0 leather armour.
   794 | D:1      | 794 ||| READING scroll labelled UNNUAL HADUK.
   795 | D:1      | 795 ||| READING scroll labelled VEVVUY HAGA.
   796 | D:1      | 796 ||| READING scroll labelled POLU KEEFIENUXT.
   797 | D:1      | 797 ||| DROPPING scroll of blinking.
   837 | D:2      | 837 ||| Stepping ~*~*~tactically~*~*~ (stealth).
   838 | D:2      | 838 ||| STAIRDANCE
   845 | D:2      | 845 ||| STAIRDANCE
   852 | D:1      | Reached skill level 4 in Axes
   852 | D:1      | Reached XP level 3. HP: 21/21 MP: 7/7
   952 | D:2      | 952 ||| Stepping ~*~*~tactically~*~*~ (hiding).
  1102 | D:2      | Found an ornate altar of the Wu Jian Council.
  1129 | D:2      | Reached XP level 4. HP: 26/26 MP: 8/8
  1246 | D:2      | 1246 ||| Stepping ~*~*~tactically~*~*~ (stealth).
  1603 | D:2      | 1603 ||| READING scroll labelled VIEBBUD KUA.
  1604 | D:2      | 1604 ||| READING 2 scrolls labelled QOATEPH POOLL.
  1607 | D:2      | 1607 ||| DRINKING 2 clear potions.
  1608 | D:2      | 1608 ||| DRINKING 2 bubbling golden potions.
  1685 | D:3      | Found a shadowy altar of Dithmenos.
  1687 | D:3      | 1687 ||| Stepping ~*~*~tactically~*~*~ (stealth).
  1689 | D:3      | 1689 ||| Stepping ~*~*~tactically~*~*~ (stealth).
  1693 | D:3      | Reached skill level 5 in Axes
  1700 | D:3      | 1700 ||| FLEEEEING.
  1701 | D:3      | 1701 ||| FLEEEEING.
  1702 | D:3      | 1702 ||| FLEEEEING.
  1703 | D:3      | 1703 ||| FLEEEEING.
  1704 | D:3      | 1704 ||| FLEEEEING.
  1705 | D:3      | 1705 ||| FLEEEEING.
  1706 | D:3      | 1706 ||| FLEEEEING.
  1707 | D:3      | 1707 ||| FLEEEEING.
  1708 | D:3      | 1708 ||| FLEEEEING.
  1709 | D:3      | 1709 ||| FLEEEEING.
  1710 | D:3      | 1710 ||| FLEEEEING.
  1711 | D:3      | 1711 ||| FLEEEEING.
  1712 | D:3      | 1712 ||| FLEEEEING.
  1713 | D:3      | 1713 ||| FLEEEEING.
  1714 | D:3      | 1714 ||| FLEEEEING.
  1715 | D:3      | 1715 ||| STAIRDANCE
  1747 | D:2      | 1747 ||| DRINKING 2 white potions.
  1751 | D:3      | 1751 ||| STAIRDANCE
  1873 | D:2      | 1873 ||| DROPPING +0 whip.
  1981 | D:3      | 1981 ||| Stepping ~*~*~tactically~*~*~ (stealth).
  2028 | D:3      | Gained mutation: Your magical nature lets you fly swiftly
                  | and evasively. [Tengu growth]
  2028 | D:3      | Reached XP level 5. HP: 9/30 MP: 9/9
  2028 | D:3      | HP: 4/30 [orc/+0 war axe (5)]
  2029 | D:3      | 2029 ||| READING 2 scrolls of teleportation.
  2030 | D:3      | 2030 ||| DRINKING potion of heal wounds.
  2069 | D:3      | 2069 ||| Stepping ~*~*~tactically~*~*~ (stealth).
  2073 | D:3      | 2073 ||| Stepping ~*~*~tactically~*~*~ (stealth).
  2136 | D:3      | 2136 ||| Invisible monster not found???
  2224 | D:3      | 2224 ||| DROPPING +2 whip of pain.
  2258 | D:3      | 2258 ||| Stepping ~*~*~tactically~*~*~ (stealth).
  2259 | D:3      | 2259 ||| Stepping ~*~*~tactically~*~*~ (stealth).
  2270 | D:3      | 2270 ||| SWAPPING to +0 war axe.
  2272 | D:3      | 2272 ||| Stepping ~*~*~tactically~*~*~ (hiding).
  2291 | D:3      | HP: 7/30 [orc wizard/+0 dagger (1)]
  2292 | D:3      | 2292 ||| READING scroll of teleportation.
  2518 | D:3      | 2518 ||| DROPPING +0 hand axe.
  2603 | D:3      | 2603 ||| Stepping ~*~*~tactically~*~*~ (hiding).
  2840 | D:3      | Reached skill level 6 in Axes
  3001 | D:3      | 3001 ||| READING scroll labelled CEVVYI PYOKLI.
  3001 | D:3      | Identified a scroll of acquirement
  3001 | D:3      | 3001 ||| ACQUIRING +5 ring mail of Pan-Flutes {Rampage
                  | rPois Str+6 Dex-5}
  3001 | D:3      | Acquired the +5 ring mail of Pan-Flutes {Rampage rPois
                  | Str+6 Dex-5}
  3003 | D:3      | 3003 ||| UPGRADING to +5 ring mail of Pan-Flutes {Rampage
                  | rPois Str+6 Dex-5}.
  3013 | D:3      | 3013 ||| DROPPING +0 scale mail.
  3014 | D:3      | 3014 ||| READING scroll labelled GOSANO QUIVO.
  3015 | D:3      | 3015 ||| DRINKING 3 amethyst potions.
  3016 | D:3      | 3016 ||| DRINKING 2 emerald potions.
  3017 | D:3      | 3017 ||| DROPPING potion of degeneration.
  3088 | D:4      | You are sucked into a shaft and drop 2 floors!
  3125 | D:6      | Reached XP level 6. HP: 26/35 MP: 10/10
  3208 | D:5      | Entered Level 5 of the Dungeon
  3212 | D:5      | Found a burning altar of Makhleb.
  3246 | D:5      | Reached skill level 7 in Axes
  3398 | D:5      | 3398 ||| READING 2 scrolls labelled VARENN LOIVISCH.
  3401 | D:5      | Noticed a black bear
  3408 | D:5      | Killed a black bear
  3409 | D:5      | Reached skill level 3 in Fighting
  3448 | D:4      | Noticed a black bear
  3457 | D:4      | Killed a black bear
  3458 | D:4      | Reached XP level 7. HP: 21/41 MP: 11/11
  3602 | D:4      | 3602 ||| Stepping ~*~*~tactically~*~*~ (stealth).
  3606 | D:4      | 3606 ||| Stepping ~*~*~tactically~*~*~ (stealth).
  3625 | D:4      | 3625 ||| Stepping ~*~*~tactically~*~*~ (hiding).
  3633 | D:4      | 3633 ||| Stepping ~*~*~tactically~*~*~ (hiding).
  3645 | D:4      | 3645 ||| Stepping ~*~*~tactically~*~*~ (stealth).
  3657 | D:4      | 3657 ||| DRINKING 2 potions of curing.
  3657 | D:4      | 3657 ||| (to cure confusion)
  3658 | D:4      | 3658 ||| Stepping ~*~*~tactically~*~*~ (stealth).
  3671 | D:4      | 3671 ||| Stepping ~*~*~tactically~*~*~ (stealth).
  3674 | D:4      | 3674 ||| Stepping ~*~*~tactically~*~*~ (stealth).
  3675 | D:4      | 3675 ||| Stepping ~*~*~tactically~*~*~ (stealth).
  3677 | D:4      | 3677 ||| Stepping ~*~*~tactically~*~*~ (stealth).
  3679 | D:4      | 3679 ||| Stepping ~*~*~tactically~*~*~ (stealth).
  3704 | D:4      | 3704 ||| Stepping ~*~*~tactically~*~*~ (stealth).
  3707 | D:4      | Reached skill level 8 in Axes
  3708 | D:4      | 3708 ||| Stepping ~*~*~tactically~*~*~ (hiding).
  3710 | D:4      | 3710 ||| Stepping ~*~*~tactically~*~*~ (hiding).
  4024 | D:4      | Reached skill level 9 in Axes
  4097 | D:4      | Reached XP level 8. HP: 15/48 MP: 12/12
  4098 | D:4      | HP: 12/48 [poisoned by a gnoll]
  4099 | D:4      | 4099 ||| READING scroll of teleportation.
  4100 | D:4      | HP: 3/48 [gnoll/+0 halberd[a gnoll sergeant] (7)]
  4101 | D:4      | Mangled by a gnoll

Levels and vault maps discovered:
D:1:      dpeg_arrival_boxes_within_box, layout_basic
D:2:      layout_loops_ring, basic_altar, minmay_hexomino_f4
D:3:      layout_loops_ring, nicolae_dithmenos_through_a_glass_darkly
D:4:      layout_layer_cave, lightli_minifort
D:5:      layout_loops_corners, nicolae_overflow_hallway_of_the_gods,
          minmay_temple_entry_grid, lemuel_flame_loot_1
D:6:      layout_cave_pods, general_overflow_altar, corexii_corridor_pit,
          st_stairs_9

Skill      XL: |  1  2  3  4  5  6  7  8 |
---------------+-------------------------+-----
Axes           | 4 5 6 7 9 |  9.0
Fighting       | 3 4 |  4.0
Throwing       | 2 |  2.2
Armour         | |  1.1
Dodging        | |  2.1
Spellcasting   | |  2.0
Translocations | |  2.4

Action                   |  1- 3 |  4- 6 |  7- 9 || total
-------------------------+-------+-------+-------++-------
Melee: Hand axe          |    80 |    56 |       ||   136
       Peck              |    10 |    20 |     7 ||    37
       Kick              |    19 |    29 |    13 ||    61
       Punch             |       |     2 |       ||     2
       War axe           |       |    61 |    65 ||   126
Throw: Boomerang         |     7 |     6 |     1 ||    14
       Javelin           |       |    36 |    18 ||    54
  Use: Scroll            |     3 |     7 |     1 ||    11
       Potion            |       |     6 |     1 ||     7
Armor: Leather armour    |     9 |       |       ||     9
       Scale mail        |    22 |    28 |       ||    50
       Ring mail         |       |    21 |    35 ||    56
Dodge: Dodged            |    47 |    61 |    41 ||   149

Table legend:
 A = Non-vault XP
 B = Vault XP
 C = Vault XP percentage of total XP
 D = Non-vault monster count
 E = Vault monster count
 F = Vault count percentage of total count
                 A         B        C        D         E       F
            +---------+---------+-------+---------+---------+-------
      Total |    1017 |     284 |  21.8 |      96 |      10 |   9.4
            +---------+---------+-------+---------+---------+-------
        D:1 |      28 |      14 |  33.3 |      20 |       2 |   9.1
        D:2 |      57 |      14 |  19.7 |      25 |       2 |   7.4
        D:3 |     113 |       0 |   0.0 |      24 |       0 |   0.0
        D:4 |     648 |     135 |  17.2 |      25 |       4 |  13.8
        D:5 |     171 |       0 |   0.0 |       2 |       0 |   0.0
        D:6 |       0 |     121 | 100.0 |       0 |       2 | 100.0
            +---------+---------+-------+---------+---------+-------
